 Dungeon Crawl Stone Soup version 0.21.1-1-g345015f (webtiles) character file.

163 Mookip the Shooter (level 5, -5/46 HPs)
             Began as a Minotaur Hunter on May 2, 2018.
             Slain by infcreate's ghost (7 damage)
             ... on level 3 of the Dungeon.
             The game lasted 00:16:35 (2186 turns).

Mookip the Shooter (Minotaur Hunter)                Turns: 2186, Time: 00:16:36

Health: -5/46      AC:  9    Str: 16    XL:     5   Next: 20%
Magic:  4/4        EV:  5    Int:  8    God:
Gold:   79         SH:  5    Dex: 12    Spells: 4/4 levels left

rFire    + . .     SeeInvis .   k - +0 hunting sling
rCold    x . .     Gourm    .   (no shield)
rNeg     . . .     Faith    .   p - -1 plate armour
rPois    .         Spirit   .   (helmet restricted)
rElec    .         Reflect  +   (no cloak)
rCorr    .         Harm     .   (no gloves)
MR       .....                  (no boots)
Stlth    ..........             q - +5 amulet of reflection
HPRegen  0.15/turn              r - ring of fire
MPRegen  0.09/turn              (no ring)

@: no status effects
A: retaliatory headbutt, horns 2
a: no special abilities


You were on level 3 of the Dungeon.
You were hungry.

You visited 1 branch of the dungeon, and saw 3 of its levels.

You collected 79 gold pieces.

Inventory:

Hand Weapons
 a - a +2 shortbow
 b - a +0 short sword
 f - a +0 short sword
 g - a +0 whip
 i - a +0 whip
 k - a +0 hunting sling (weapon)
 n - a +0 whip
 s - a +0 mace
 v - a +1 dagger of holy wrath
 A - a +0 quarterstaff
Missiles
 d - 7 arrows
 j - 3 tomahawks
 l - 18 sling bullets (quivered)
 m - 9 poisoned needles
 w - 24 stones
Armour
 c - a +0 leather armour
 e - a +0 leather armour
 p - a -1 plate armour (worn)
 t - a +1 helmet
 x - a +0 animal skin
 y - a +0 helmet
Jewellery
 q - a +5 amulet of reflection (around neck)
 r - a ring of fire (left hand)
Scrolls
 h - a scroll of fog
 u - 3 scrolls of teleportation
Potions
 z - a potion of lignification {unknown}
Comestibles
 o - 5 rations


   Skills:
 + Level 3.7 Fighting
 + Level 0.9 Short Blades
 + Level 1.6 Maces & Flails
 + Level 5.8 Bows
 + Level 0.2 Throwing
 + Level 1.1 Armour
 + Level 2.6 Dodging
 + Level 0.7 Stealth


You had 4 spell levels left.
You didn't know any spells.

Dungeon Overview and Level Annotations

Branches:
Dungeon (3/15)

Altars:
Elyvilon

Annotations:
D:3 infcreate's ghost, amateur MiFi


Innate Abilities, Weirdness & Mutations

You reflexively headbutt those who attack you in melee.
You have a pair of horns on your head.


Message History

Firing (i - inventory. (,) - cycle):
l - 21 sling bullets (quivered)
Press: ? - help, Shift-Dir - straight line, f/p - infcreate's ghost
Aim: infcreate's ghost (severely damaged)
You shoot a sling bullet.
The sling bullet closely misses infcreate's ghost.
Infcreate's ghost hits you.
* * * LOW HITPOINT WARNING * * *
Firing (i - inventory. (,) - cycle):
l - 20 sling bullets (quivered)
Press: ? - help, Shift-Dir - straight line, f/p - infcreate's ghost
Aim: infcreate's ghost (severely damaged)
You shoot a sling bullet.
The sling bullet completely misses infcreate's ghost.
Infcreate's ghost hits you but does no damage.
Firing (i - inventory. (,) - cycle):
l - 19 sling bullets (quivered)
Press: ? - help, Shift-Dir - straight line, f/p - infcreate's ghost
Aim: infcreate's ghost (severely damaged)
You shoot a sling bullet.
The sling bullet barely misses infcreate's ghost.
Infcreate's ghost hits you!
You die...

...#)#### #....# #
...)).# #.#.##.#
####)†#######.#.##.#
#.†#............## ##
####..#.####.#.........
#.......#.......###..#
#.##......##.#.####..#(#
# #......##.#.##..(...#
###.......#..@W.^(#
#.####...#####..###..#
#........# #..# ...
######...# ##.# # #...#
#.. ######...#### ###
..............
...........#..
..............


You could see infcreate's ghost.

Vanquished Creatures
  An orc priest (D:3)
  Robin (D:3)
  4 adders
  An ooze (D:1)
  A dart slug (D:3)
  2 leopard geckos (D:2)
  4 orcs (D:3)
  5 bats
  5 giant cockroaches
  8 goblins
  11 hobgoblins
  8 jackals
  A quokka (D:2)
  4 frilled lizards (D:2)
  6 kobolds
  8 rats
70 creatures vanquished.

Notes
Turn   | Place    | Note
-------+----------+-------------------------------------------
     0 | D:1      | Mookip the Minotaur Hunter began the quest for the Orb.
     0 | D:1      | Reached XP level 1. HP: 18/18 MP: 0/0
   327 | D:1      | Reached XP level 2. HP: 25/25 MP: 1/1
   664 | D:1      | Reached skill level 5 in Bows
   888 | D:2      | Reached XP level 3. HP: 30/30 MP: 2/2
  1024 | D:2      | Found a white marble altar of Elyvilon.
  1280 | D:2      | Reached XP level 4. HP: 35/38 MP: 3/3
  1806 | D:3      | Reached skill level 1 in Maces & Flails
  1990 | D:3      | Noticed Robin
  2002 | D:3      | Killed Robin
  2002 | D:3      | Reached XP level 5. HP: 46/46 MP: 4/4
  2038 | D:3      | Reached skill level 1 in Armour
  2165 | D:3      | Noticed infcreate's ghost (amateur MiFi)
  2184 | D:3      | HP: 1/46 [infcreate's ghost (4)]
  2186 | D:3      | Slain by infcreate's ghost

Skill      XL: |  1  2  3  4  5 |
---------------+----------------+-----
Bows           | 5 |  5.8
Fighting       | 3 |  3.7
Maces & Flails | 1 |  1.6
Armour         | 1 |  1.1
Short Blades   | |  0.9
Throwing       | |  0.2
Dodging        | |  2.6
Stealth        | |  0.7

Action                   |  1- 3 |  4- 6 || total
-------------------------+-------+-------++-------
Melee: Short sword       |    23 |     5 ||    28
       Headbutt          |     3 |     9 ||    12
       Whip              |       |    28 ||    28
       Dagger            |       |    64 ||    64
 Fire: Shortbow          |    79 |    19 ||    98
       Hunting sling     |       |    24 ||    24
Throw: Tomahawk          |     3 |     6 ||     9
  Use: Scroll            |     5 |     2 ||     7
       Potion            |     3 |     3 ||     6
  Eat: Ration            |     1 |       ||     1
Armor: Leather armour    |     9 |       ||     9
       Plate armour      |    25 |   101 ||   126
Dodge: Dodged            |    25 |    47 ||    72
Block: Other             |     6 |    37 ||    43
